MLB
MIAMI MARLINS @ ATLANTA BRAVES
04/03/2020
 
TOP OF THE 1ST
Miami Marlins batting - Pitching for Atlanta Braves : LHP Matthew Boyd
Pitching: LHP Matthew Boyd
Batting: SHB Francisco Lindor 0-0: Ball
1-0: Swinging Strike
1-1: Foul Ball, location: 2F
1-2: Ball
2-2: Ball
3-2: Fly out, F2 (Popup, 25F, EV 81.9 MPH)
Batting: RHB Mike Trout 0-0: Called Strike
0-1: Foul Ball, location: 2F
0-2: Ball
1-2: Ball
2-2: Foul Ball, location: 2F
2-2: Foul Ball, location: 2F
2-2: Ball
3-2: SINGLE (Line Drive, 78S, EV 93.8 MPH)
Batting: RHB Javier Baez Pickoff Throw to First - Error! E1
Mike Trout to second
0-0: Called Strike
0-1: Foul Ball, location: 2F
0-2: Ball
1-2: SINGLE (Groundball, 5D, EV 96.3 MPH)
Mike Trout to third
Runner from 3rd tries for Home, SAFE, throw by LF to home
Batting: RHB C.J. Cron 0-0: Called Strike
Javier Baez is caught stealing 2nd base 2-4
0-1: Ball
1-1: Ball
2-1: Ball
3-1: Fly out, F8 (Flyball, 8LXD, EV 96.3 MPH)
Top of the 1st over - 1 run, 2 hits, 1 error, 0 left on base; Miami 1 - Atlanta 0
BOTTOM OF THE 1ST
Atlanta Braves batting - Pitching for Miami Marlins : LHP Sean Newcomb
Pitching: LHP Sean Newcomb
Batting: RHB Yasiel Puig 0-0: Ball
1-0: Ball
2-0: Foul Ball, location: 2F
2-1: Ball
3-1: Foul Ball, location: 2F
3-2: Foul Ball, location: 2F
3-2: SOLO HOME RUN (Line Drive, 78XD, EV 105.0 MPH), Distance : 423 ft
Batting: RHB Vladimir Guerrero Jr. 0-0: Foul Ball, location: 2F
0-1: Ball
1-1: Called Strike
1-2: Foul Ball, location: 2F
1-2: SINGLE (Line Drive, 89S, EV 100.0 MPH)
Batting: LHB Freddie Freeman 0-0: Ball
1-0: Ball
2-0: Ball
3-0: Called Strike
3-1: Base on Balls
Vladimir Guerrero Jr. to second
Batting: RHB Ronald Acuna Jr. 0-0: Ball
1-0: Ball
2-0: Ball
3-0: Called Strike
3-1: Base on Balls
Vladimir Guerrero Jr. to third
Freddie Freeman to second
Batting: LHB Yordan Alvarez 0-0: Foul Ball, location: 2F
0-1: Foul Ball, location: 2F
0-2: Ball
1-2: Foul Ball, location: 2F
1-2: Foul Ball, location: 2F
1-2: Fly out, F3 (Line Drive, 3, EV 70.6 MPH)
Lined into DP, U3 (Line Drive, 3, EV 68.1 MPH)
Batting: RHB Keston Hiura 0-0: Ball
1-0: Ball
2-0: SINGLE (Groundball, 6D, EV 97.5 MPH)
Vladimir Guerrero Jr. scores
Freddie Freeman to third
Batting: LHB Corey Seager 0-0: Ball
1-0: Called Strike
1-1: Foul Ball, location: 2F
1-2: Ball
2-2: SINGLE (Line Drive, 3D, EV 103.8 MPH)
Freddie Freeman scores
Keston Hiura to second
Batting: RHB Tyler Flowers 0-0: Ball
1-0: Ball
2-0: Ball
3-0: Called Strike
3-1: Called Strike
3-2: Base on Balls
Keston Hiura to third
Corey Seager to second
Batting: LHB Matthew Boyd 0-0: Fly out, F8 (Line Drive, 8LD, EV 108.8 MPH)
Bottom of the 1st over - 3 runs, 4 hits, 0 errors, 3 left on base; Miami 1 - Atlanta 3
TOP OF THE 2ND
Miami Marlins batting - Pitching for Atlanta Braves : LHP Matthew Boyd
Batting: RHB Miguel Andujar 0-0: Foul Ball, location: 2F
0-1: Ground out 6-3 (Groundball, 6, EV 111.3 MPH)
Batting: LHB Kyle Tucker 0-0: Called Strike
0-1: Fly out, F5 (Popup, 5L, EV 69.4 MPH)
Batting: RHB Jordan Luplow 0-0: Ball
1-0: Ball
2-0: Ball
3-0: Base on Balls
Batting: LHB Chance Sisco 0-0: Called Strike
0-1: Ball
1-1: Called Strike
1-2: Fly out, F8 (Flyball, 8RS, EV 82.5 MPH)
Top of the 2nd over - 0 runs, 0 hits, 0 errors, 1 left on base; Miami 1 - Atlanta 3
BOTTOM OF THE 2ND
Atlanta Braves batting - Pitching for Miami Marlins : LHP Sean Newcomb
Batting: RHB Yasiel Puig 0-0: Ball
1-0: Ball
2-0: Fly out, F6 (Flyball, 56D, EV 86.9 MPH)
Batting: RHB Vladimir Guerrero Jr. 0-0: Called Strike
0-1: Ball
1-1: Swinging Strike
1-2: Ball
2-2: Ball
3-2: Ground out 5-3 (Groundball, 56, EV 83.1 MPH)
Batting: LHB Freddie Freeman 0-0: Foul Ball, location: 2F
0-1: Ball
1-1: Ball
2-1: Ball
3-1: Swinging Strike
3-2: Strikes out looking
Bottom of the 2nd over - 0 runs, 0 hits, 0 errors, 0 left on base; Miami 1 - Atlanta 3
TOP OF THE 3RD
Miami Marlins batting - Pitching for Atlanta Braves : LHP Matthew Boyd
Batting: LHB Sean Newcomb 0-0: Called Strike
0-1: Ball
1-1: Foul Ball, location: 2F
1-2: Strikes out swinging
Batting: SHB Francisco Lindor 0-0: Ground out 4-3 (Groundball, 4D, EV 101.3 MPH)
Batting: RHB Mike Trout 0-0: Called Strike
0-1: Ball
1-1: Ball
2-1: Ball
3-1: Base on Balls
Batting: RHB Javier Baez 0-0: Ball
1-0: Called Strike
1-1: Fly out, F6 (Line Drive, 6, EV 70.6 MPH)
Top of the 3rd over - 0 runs, 0 hits, 0 errors, 1 left on base; Miami 1 - Atlanta 3
BOTTOM OF THE 3RD
Atlanta Braves batting - Pitching for Miami Marlins : LHP Sean Newcomb
Batting: RHB Ronald Acuna Jr. 0-0: Foul Ball, location: 2F
0-1: Swinging Strike
0-2: Strikes out swinging
Batting: LHB Yordan Alvarez 0-0: Ball
1-0: Foul Ball, location: 2F
1-1: Ball
2-1: SINGLE (Line Drive, 8RS, EV 92.5 MPH)
Batting: RHB Keston Hiura 0-0: Called Strike
0-1: DOUBLE (Groundball, 5L, EV 101.3 MPH)
Yordan Alvarez to third
Batting: LHB Corey Seager 0-0: Ball
1-0: Foul Ball, location: 2F
1-1: Ground out 4-3 (Groundball, 34D, EV 106.3 MPH)
Yordan Alvarez scores
Keston Hiura to third
Batting: RHB Tyler Flowers 0-0: Ball
1-0: Foul Ball, location: 2F
1-1: Ground out 6-3 (Groundball, 6, EV 107.5 MPH)
Bottom of the 3rd over - 1 run, 2 hits, 0 errors, 1 left on base; Miami 1 - Atlanta 4
TOP OF THE 4TH
Miami Marlins batting - Pitching for Atlanta Braves : LHP Matthew Boyd
Batting: RHB C.J. Cron 0-0: Ball
1-0: Swinging Strike
1-1: Foul Ball, location: 2F
1-2: Foul Ball, location: 2F
1-2: SINGLE (Line Drive, 8LS, EV 93.1 MPH)
Batting: RHB Miguel Andujar 0-0: Fly out, F8 (Line Drive, 8LD, EV 103.8 MPH)
Batting: LHB Kyle Tucker 0-0: Foul Ball, location: 2F
0-1: Swinging Strike
0-2: Ball
1-2: Strikes out swinging
Batting: RHB Jordan Luplow 0-0: Called Strike
0-1: Ball
1-1: Fly out, F6 (Flyball, 56D, EV 85.6 MPH)
Top of the 4th over - 0 runs, 1 hit, 0 errors, 1 left on base; Miami 1 - Atlanta 4
BOTTOM OF THE 4TH
Atlanta Braves batting - Pitching for Miami Marlins : LHP Sean Newcomb
Batting: LHB Matthew Boyd 0-0: Called Strike
0-1: Ball
1-1: Ground out U3 (Groundball, 3, EV 104.4 MPH)
Batting: RHB Yasiel Puig 0-0: Called Strike
0-1: Ball
1-1: Foul Ball, location: 2F
1-2: Fly out, F8 (Flyball, 78D, EV 95.0 MPH)
Batting: RHB Vladimir Guerrero Jr. 0-0: Ball
1-0: Ball
2-0: Called Strike
2-1: Swinging Strike
2-2: Foul Ball, location: 2F
2-2: Foul Ball, location: 2F
2-2: Foul Ball, location: 2F
2-2: Foul Ball, location: 2F
2-2: Strikes out swinging
Bottom of the 4th over - 0 runs, 0 hits, 0 errors, 0 left on base; Miami 1 - Atlanta 4
TOP OF THE 5TH
Miami Marlins batting - Pitching for Atlanta Braves : LHP Matthew Boyd
Batting: LHB Chance Sisco 0-0: Called Strike
0-1: Swinging Strike
0-2: Strikes out swinging
Pinch Hitting: LHB Christin Stewart 0-0: Fly out, F8 (Flyball, 78XD, EV 93.1 MPH)
Batting: SHB Francisco Lindor 0-0: Swinging Strike
0-1: SOLO HOME RUN (Flyball, 7LD, EV 95.6 MPH), Distance : 358 ft
Batting: RHB Mike Trout 0-0: Ball
1-0: Fly out, F7 (Flyball, 78M, EV 86.3 MPH)
Top of the 5th over - 1 run, 1 hit, 0 errors, 0 left on base; Miami 2 - Atlanta 4
BOTTOM OF THE 5TH
Atlanta Braves batting - Pitching for Miami Marlins : LHP Sean Newcomb
Pitching: LHP Conner Menez
Batting: LHB Freddie Freeman 0-0: Ball
1-0: Foul Ball, location: 2F
1-1: Ball
2-1: Swinging Strike
2-2: Ball
3-2: Foul Ball, location: 2F
3-2: Strikes out swinging
Batting: RHB Ronald Acuna Jr. 0-0: Ball
1-0: Called Strike
1-1: Swinging Strike
1-2: Ball
2-2: Ball
3-2: Foul Ball, location: 2F
3-2: Strikes out swinging
Batting: LHB Yordan Alvarez 0-0: Called Strike
0-1: Ball
1-1: Ball
2-1: Ball
3-1: Foul Ball, location: 2F
3-2: Strikes out swinging
Bottom of the 5th over - 0 runs, 0 hits, 0 errors, 0 left on base; Miami 2 - Atlanta 4
TOP OF THE 6TH
Miami Marlins batting - Pitching for Atlanta Braves : LHP Matthew Boyd
Batting: RHB Javier Baez 0-0: Ball
1-0: Fly out, F9 (Flyball, 89M, EV 86.9 MPH)
Batting: RHB C.J. Cron 0-0: Ground out 1-6-3 (Groundball, 15S, EV 111.9 MPH)
Batting: RHB Miguel Andujar 0-0: Ball
1-0: Swinging Strike
1-1: DOUBLE (Line Drive, 78D, EV 113.1 MPH)
Batting: LHB Kyle Tucker 0-0: Called Strike
0-1: Swinging Strike
0-2: Ball
1-2: Foul Ball, location: 2F
1-2: SINGLE (Line Drive, 9S, EV 92.5 MPH)
Miguel Andujar to third
Runner from 3rd tries for Home, SAFE, throw by RF to home
Batting: RHB Jordan Luplow 0-0: Ball
1-0: Called Strike
1-1: SINGLE (Groundball, 56S, EV 63.8 MPH) (infield hit)
Kyle Tucker to second
Batting: LHB Chance Sisco 0-0: Ball
1-0: Foul Ball, location: 2F
1-1: Ball
2-1: Foul Ball, location: 2F
2-2: Strikes out swinging
Top of the 6th over - 1 run, 3 hits, 0 errors, 2 left on base; Miami 3 - Atlanta 4
BOTTOM OF THE 6TH
Atlanta Braves batting - Pitching for Miami Marlins : LHP Conner Menez
Batting: RHB Keston Hiura 0-0: Foul Ball, location: 2F
0-1: Ball
1-1: Foul Ball, location: 2F
1-2: Strikes out swinging
Pitching: RHP T.J. Zeuch
Batting: LHB Corey Seager 0-0: Ball
1-0: Foul Ball, location: 2F
1-1: Called Strike
1-2: Strikes out swinging
Batting: RHB Tyler Flowers 0-0: Fly out, F4 (Flyball, 34D, EV 90.6 MPH)
Bottom of the 6th over - 0 runs, 0 hits, 0 errors, 0 left on base; Miami 3 - Atlanta 4
TOP OF THE 7TH
Miami Marlins batting - Pitching for Atlanta Braves : LHP Matthew Boyd
Pinch Hitting: SHB Rey Navarro 0-0: Ball
1-0: Ball
2-0: Ball
3-0: Called Strike
3-1: Foul Ball, location: 2F
3-2: Strikes out swinging
Pitching: LHP Daniel Zamora
Batting: SHB Francisco Lindor 0-0: Called Strike
0-1: Ball
1-1: Ball
2-1: Ball
3-1: Base on Balls
Batting: RHB Mike Trout 0-0: Ball
1-0: Swinging Strike
Pickoff Throw to First - Error! E1
Francisco Lindor to second
1-1: Ball
2-1: Ball
3-1: Foul Ball, location: 2F
3-2: Base on Balls
Batting: RHB Javier Baez 0-0: Foul Ball, location: 2F
0-1: Foul Ball, location: 2F
0-2: Foul Ball, location: 2F
0-2: Ball
1-2: Foul Ball, location: 2F
1-2: Ball
2-2: Foul Ball, location: 2F
2-2: Strikes out swinging
Batting: RHB C.J. Cron 0-0: Called Strike
0-1: Ball
1-1: Foul Ball, location: 2F
1-2: Strikes out swinging
Top of the 7th over - 0 runs, 0 hits, 1 error, 2 left on base; Miami 3 - Atlanta 4
BOTTOM OF THE 7TH
Atlanta Braves batting - Pitching for Miami Marlins : RHP T.J. Zeuch
Pitching: RHP Blake Treinen
Pinch Hitting: LHB Mallex Smith 0-0: Called Strike
0-1: Swinging Strike
0-2: Strikes out swinging, 2-3 out at first.
Batting: RHB Yasiel Puig 0-0: Called Strike
0-1: Ball
1-1: Foul Ball, location: 2F
1-2: SINGLE (Groundball, 6D, EV 98.1 MPH)
Batting: RHB Vladimir Guerrero Jr. 0-0: Ball
1-0: Foul Ball, location: 2F
1-1: Ball
2-1: Foul Ball, location: 2F
2-2: Foul Ball, location: 2F
2-2: Foul Ball, location: 2F
2-2: Foul Ball, location: 2F
2-2: Ball
3-2: Ground out 6-3 (Groundball, 56D, EV 98.8 MPH)
Yasiel Puig to second
Batting: LHB Freddie Freeman 0-0: Ball
1-0: Ball
2-0: Ball
3-0: Called Strike
3-1: Base on Balls
Pitching: RHP Kevin Ginkel
Batting: RHB Ronald Acuna Jr. 0-0: Called Strike
0-1: Ball
1-1: Foul Ball, location: 2F
1-2: Ball
2-2: Ball
3-2: Base on Balls
Yasiel Puig to third
Freddie Freeman to second
Batting: LHB Yordan Alvarez 0-0: Ball
1-0: Ball
2-0: Foul Ball, location: 2F
2-1: Swinging Strike
2-2: SINGLE (Groundball, 4MD, EV 105.0 MPH)
Yasiel Puig scores
Freddie Freeman to third
Ronald Acuna Jr. to second
Runner from 3rd tries for Home, throw by CF and OUT! 8-2
Bottom of the 7th over - 1 run, 2 hits, 0 errors, 2 left on base; Miami 3 - Atlanta 5
TOP OF THE 8TH
Miami Marlins batting - Pitching for Atlanta Braves : LHP Daniel Zamora
Pitching: RHP Luke Jackson
Batting: RHB Miguel Andujar 0-0: Ball
1-0: Called Strike
1-1: Ball
2-1: Foul Ball, location: 2F
2-2: Foul Ball, location: 2F
2-2: Strikes out looking
Batting: LHB Kyle Tucker 0-0: Called Strike
0-1: Foul Ball, location: 2F
0-2: Ball
1-2: Foul Ball, location: 2F
1-2: SOLO HOME RUN (Flyball, 9LD, EV 97.5 MPH), Distance : 348 ft
Batting: RHB Jordan Luplow 0-0: Ball
1-0: Ball
2-0: Ball
3-0: Called Strike
3-1: Foul Ball, location: 2F
3-2: Base on Balls
Batting: LHB Chance Sisco 0-0: Ball
1-0: Fly out, F8 (Flyball, 8LXD, EV 91.9 MPH)
Pinch Hitting: LHB Nick Williams 0-0: Ball
1-0: Ball
2-0: Foul Ball, location: 2F
2-1: Ground out 4-3 (Groundball, 4S, EV 65.6 MPH)
Top of the 8th over - 1 run, 1 hit, 0 errors, 1 left on base; Miami 4 - Atlanta 5
BOTTOM OF THE 8TH
Atlanta Braves batting - Pitching for Miami Marlins : RHP Kevin Ginkel
Pitching: RHP Emmanuel Clase
Batting: RHB Keston Hiura 0-0: Ball
1-0: Ground out 6-3 (Groundball, 6M, EV 81.3 MPH)
Batting: LHB Corey Seager 0-0: Ball
1-0: DOUBLE (Line Drive, 9D, EV 91.3 MPH)
Batting: RHB Tyler Flowers 0-0: Ball
1-0: Ball
2-0: Called Strike
2-1: Swinging Strike
2-2: Strikes out looking
Pinch Hitting: RHB Miguel Sano 0-0: Called Strike
0-1: Ball
Wild Pitch!
Corey Seager to third
1-1: Foul Ball, location: 2F
1-2: Foul Ball, location: 2F
1-2: Ball
2-2: Foul Ball, location: 2F
2-2: Ball
3-2: DOUBLE (Line Drive, 89XD, EV 110.0 MPH)
Corey Seager scores
Batting: RHB Yasiel Puig 0-0: Ball
1-0: Ball
2-0: Swinging Strike
2-1: Ball
3-1: Base on Balls
Pitching: RHP Will LaMarche
Batting: RHB Vladimir Guerrero Jr. 0-0: SINGLE (Line Drive, 7S, EV 106.3 MPH)
Miguel Sano to third
Yasiel Puig to second
Runner from 3rd tries for Home, SAFE, throw by LF to home
Batting: LHB Freddie Freeman 0-0: Ball
1-0: Foul Ball, location: 2F
1-1: Ground out 1-3 (Groundball, 15S, EV 67.5 MPH)
Bottom of the 8th over - 2 runs, 3 hits, 0 errors, 2 left on base; Miami 4 - Atlanta 7
TOP OF THE 9TH
Miami Marlins batting - Pitching for Atlanta Braves : RHP Luke Jackson
Pitching: RHP Chad Sobotka
Batting: SHB Francisco Lindor 0-0: Fly out, F5 (Popup, 5F, EV 76.9 MPH)
Batting: RHB Mike Trout 0-0: Ball
1-0: Ball
2-0: Foul Ball, location: 2F
2-1: Ball
3-1: Base on Balls
Batting: RHB Javier Baez 0-0: Ball
1-0: 2-RUN HOME RUN (Flyball, 7D, EV 109.4 MPH), Distance : 390 ft
Batting: RHB C.J. Cron 0-0: Called Strike
0-1: Foul Ball, location: 2F
0-2: Ball
1-2: Ball
2-2: Strikes out looking
Batting: RHB Miguel Andujar 0-0: Foul Ball, location: 2F
0-1: Called Strike
0-2: Ball
1-2: Ball
2-2: Ball
3-2: Base on Balls
Batting: LHB Kyle Tucker 0-0: Called Strike
Miguel Andujar steals 2nd base
0-1: Ball
1-1: Ball
2-1: Called Strike
2-2: Ball
3-2: Base on Balls
Batting: RHB Jordan Luplow 0-0: Ball
1-0: Called Strike
1-1: Ball
2-1: Foul Ball, location: 2F
2-2: Foul Ball, location: 2F
2-2: Ball
3-2: Base on Balls
Miguel Andujar to third
Kyle Tucker to second
Pitching: RHP Brandon Workman
Now at 2B: Franklin Barreto
Batting: LHB Chance Sisco 0-0: Called Strike
0-1: Foul Ball, location: 2F
0-2: Strikes out swinging
Top of the 9th over - 2 runs, 1 hit, 0 errors, 3 left on base; Miami 6 - Atlanta 7
Friday, May 22nd, 2020 - OOTP Baseball 21.3 Build 54